 Dungeon Crawl Stone Soup version 0.23.2-33-g5129a83184 (webtiles) character file.

Game seed: 8994823764773223961

220 t4s4d4r the Chiller (level 5, -1/46 HPs)
             Began as an Ogre Ice Elementalist on July 8, 2019.
             Slain by a gnoll (4 damage)
             ... on level 2 of the Dungeon.
             The game lasted 00:04:33 (3482 turns).

t4s4d4r the Chiller (Ogre Ice Elementalist)         Turns: 3482, Time: 00:04:34

Health: -1/46      AC:  3    Str: 12    XL:     5   Next: 97%
Magic:  5/11       EV: 10    Int: 17    God:
Gold:   133        SH:  0    Dex:  9    Spells: 0/12 levels left

rFire    . . .     SeeInvis .   b - +3 flail (protect)
rCold    . . .     Gourm    .   (no shield)
rNeg     . . .     Faith    .   l - +0 robe
rPois    .         Spirit   .   (helmet restricted)
rElec    .         Reflect  .   (no cloak)
rCorr    .         Harm     .   (gloves unavailable)
MR       .....                  (boots unavailable)
Stlth    +.........             (no amulet)
HPRegen  0.15/turn              (no ring)
MPRegen  0.12/turn              (no ring)

@: no status effects
A: large, unfitting armour, tough skin 1
a: no special abilities


You were on level 2 of the Dungeon.
You were hungry.

You visited 1 branch of the dungeon, and saw 3 of its levels.

You collected 133 gold pieces.

Inventory:

Hand Weapons
 a - a +5 spear
 b - a +3 flail of protection (weapon)
Armour
 l - a +0 robe (worn)
Scrolls
 g - a scroll of teleportation
 h - a scroll of magic mapping {unknown}
 j - a scroll of blinking {unknown}
Potions
 d - a potion of ambrosia
 e - a potion of invisibility
 f - 2 potions of curing
 i - a potion of berserk rage {unknown}
 k - a potion of might {unknown}
Comestibles
 c - 5 rations


   Skills:
 + Level 0.5 Fighting
 - Level 1.7 Dodging
 - Level 1.4 Stealth
 + Level 4.4 Spellcasting
 - Level 0.8 Conjurations
 + Level 0.2 Summonings
 * Level 4.8 Ice Magic


You couldn't memorise any spells.
You knew the following spells:

 Your Spells              Type           Power        Failure   Level  Hunger
a - Freeze                Ice            ###.         1%          1    None
b - Summon Ice Beast      Ice/Summ       ##......     45%         4    ####...
c - Throw Icicle          Conj/Ice       ##......     43%         4    ####...
d - Ozocubu's Armour      Chrm/Ice       ##......     17%         3    ###....

Your spell library contained the following spells:

 Spells                   Type           Power        Failure   Level  Hunger
 Throw Frost              Conj/Ice       ##....       7%          2    ##.....


Dungeon Overview and Level Annotations

Branches:
Dungeon (3/15)

Altars:
Sif Muna
The Shining One

Annotations:
D:3 exclusion: door, Grinder


Innate Abilities, Weirdness & Mutations

You are too large for most types of armour.
You have tough skin. (AC +1)


Message History

The gnoll completely resists.
You freeze the gnoll but do no damage. The gnoll barely misses you.
The gnoll hits you!
* * * LOW HITPOINT WARNING * * *
There is a stone staircase leading up here.
The gnoll hits you.
* * * LOW HITPOINT WARNING * * *
The gnoll hits you from afar with a +4 spear.
* * * LOW HITPOINT WARNING * * *
You climb upwards.
There is a stone staircase leading down here.
Unknown command.
Casting: Freeze (safe; 1% risk of failure)
Confirm with . or Enter, or press ? or * to list all spells.
Aiming: Freeze (safe; 1% risk of failure)
Press: ? - help, Shift-Dir - straight line, f - gnoll
Aim: a gnoll (severely wounded, unusually resistant)
The gnoll resists.
You freeze the gnoll.
The gnoll is almost dead.
The gnoll hits you.
You die...

.......#..####.### #.#
.##....#.........# #.#
###.#######÷>....# #.#
#......#..<.##...#####
#.#
#.###..#.#####....##.##
#.#
#.###..#.###....#.#.#.##
#.#
...................###.##
#.# .#.........#.##.#g##
##.#####.#
###.)..###......@##
##....>.# .#.....#
###.##.#.## ##.#######
#.#....# #.##.#..###.##
.......# #.##.#...#†##
#.##...#####.##.#..#.##
#######
#.##............#..###
#......
#.##.#.##..)..).[..#
#.#####
#.##.#.##.....)....# #.#
#............####..#
##.##


You could see a gnoll.

Vanquished Creatures
  Natasha (twice) (D:2)
  Terence (D:2)
  5 gnolls
  4 adders
  4 worms
  2 dart slugs (D:3)
  A leopard gecko (D:2)
  A giant cockroach (D:3)
  6 goblins
  4 hobgoblins
  3 jackals (D:2)
  8 kobolds
  5 bats
  3 frilled lizards
  6 rats
55 creatures vanquished.

Notes
Turn   | Place    | Note
-------+----------+-------------------------------------------
     0 | D:1      | t4s4d4r the Ogre Ice Elementalist began the quest for the
                  | Orb.
     0 | D:1      | Reached XP level 1. HP: 16/16 MP: 3/3
   323 | D:1      | Reached XP level 2. HP: 24/24 MP: 6/6
   934 | D:2      | Noticed Terence
   940 | D:2      | Killed Terence
   940 | D:2      | Reached XP level 3. HP: 21/31 MP: 1/8
  1279 | D:2      | Reached XP level 4. HP: 24/39 MP: 2/10
  1616 | D:2      | Noticed Natasha
  1621 | D:2      | Killed Natasha
  1904 | D:2      | Found a glowing golden altar of the Shining One.
  2322 | D:3      | Reached XP level 5. HP: 40/45 MP: 11/11
  2912 | D:3      | Found a deep blue altar of Sif Muna.
  3016 | D:3      | Noticed Grinder
  3067 | D:2      | Noticed Natasha
  3317 | D:2      | Killed Natasha
  3393 | D:2      | Learned a level 4 spell: Summon Ice Beast
  3398 | D:2      | Learned a level 4 spell: Throw Icicle
  3402 | D:2      | Learned a level 3 spell: Ozocubu's Armour
  3479 | D:3      | HP: 2/46 [gnoll/+4 spear (2)]
  3482 | D:2      | Slain by a gnoll

Skill      XL: |  1  2  3  4  5 |
---------------+----------------+-----
Spellcasting   | 3 4 |  4.4
Ice Magic      | 3 4 |  4.8
Fighting       | |  0.5
Dodging        | |  1.7
Stealth        | |  1.4
Conjurations   | |  0.8
Summonings     | |  0.2

Action                   |  1- 3 |  4- 6 || total
-------------------------+-------+-------++-------
Melee: Dagger            |     4 |       ||     4
       Spear             |    29 |    33 ||    62
       Flail             |       |     6 ||     6
 Cast: Freeze            |    34 |    47 ||    81
  Use: Scroll            |       |     6 ||     6
 Stab: Sleeping          |     1 |     2 ||     3
  Eat: Chunk             |     1 |     6 ||     7
Armor: Robe              |    14 |    10 ||    24
Dodge: Dodged            |    23 |    34 ||    57
